Map: Ascension to Aiur LE

Players

MaNa - Winner!

  • Race: Protoss Protoss
  • Spawn Location: 11:00

HolyHit

  • Race: Protoss Protoss
  • Spawn Location: 5:00

Event: WCS Jonkoping 2017

VOD

Have the link to the VOD?

Description

Time

  • Played on: June 17, 2017, 7:23 a.m.
  • Length: 9:09

All games in this series

Show
View Real Time Build Order
Export as new Build Order

MaNa Protoss - Winner!

Build Orders:  

Get SALT Encoding   

  12  0:00  Probe (Chrono Boost)  
  13  0:11  Probe (Chrono Boost)  
  14  0:17  Pylon  
  14  0:22  Probe (Chrono Boost)  
  15  0:35  Probe (Chrono Boost), Gateway  
  16  0:44  Assimilator  
  16  0:46  Probe (Chrono Boost)  
  17  0:52  Assimilator  
  17  0:56  Probe (Chrono Boost)  
  18  1:07  Probe (Chrono Boost)  
  18  1:08  Gateway  
  19  1:17  Probe (Chrono Boost)  
  20  1:24  Cybernetics Core  
  20  1:28  Probe (Chrono Boost)  
  21  1:34  Pylon  
  21  1:38  Probe (Chrono Boost)  
  22  1:49  Probe (Chrono Boost)  
  23  1:59  Probe (Chrono Boost)  
  28  2:02  Stalker (Chrono Boost)  
  28  2:03  Stalker (Chrono Boost), Warp Gate (Chrono Boost)  
  28  2:11  Probe  
  28  2:13  Pylon  
  29  2:28  Stalker (Chrono Boost)  
  30  2:31  Stalker (Chrono Boost)  
  30  2:35  Mothership Core  
  34  2:58  Stalker  
  34  3:01  Stalker  
  34  3:04  Pylon  
  38  3:22  Nexus  
  38  3:35  Robotics Facility  
  38  3:38  Probe  
  37  3:56  Sentry x2  
  37  3:57  Probe  
  42  4:09  Probe (Chrono Boost), Gateway  
  43  4:20  Probe (Chrono Boost)  
  43  4:22  Observer (Chrono Boost)  
  45  4:31  Twilight Council  
  45  4:32  Probe  
  45  4:36  Probe  
  45  4:41  Observer (Chrono Boost)  
  45  4:44  Probe  
  45  4:52  Stalker  
  45  4:53  Stalker  
  45  4:54  Probe (Chrono Boost)  
  45  4:56  Probe (Chrono Boost)  
  51  5:06  Probe (Chrono Boost)  
  52  5:08  Probe (Chrono Boost)  
  52  5:12  Pylon, Blink  
  53  5:17  Probe (Chrono Boost)  
  54  5:29  Probe x2 (Chrono Boost)  
  52  5:40  Probe x2 (Chrono Boost)  
  54  5:45  Stalker x3  
  58  5:50  Probe x2 (Chrono Boost)  
  60  6:01  Probe x2 (Chrono Boost)  
  62  6:06  Pylon  
  62  6:07  Pylon  
  62  6:08  Assimilator  
  62  6:22  Probe x2 (Chrono Boost)  
  62  6:24  Immortal  
  66  6:35  Nexus  
  66  6:37  Pylon  
  66  6:38  Probe x2 (Chrono Boost)  
  66  6:47  Adept x3  
  72  6:58  Probe x2 (Chrono Boost)  
  74  7:04  Immortal (Chrono Boost)  
  74  7:09  Gateway  
  74  7:10  Gateway  
  74  7:14  Adept x3  
  80  7:17  Probe (Chrono Boost)  
  80  7:18  Probe  
  82  7:23  Forge  
  82  7:28  Probe  
  83  7:31  Probe  
  83  7:33  Pylon  
  83  7:34  Pylon  
  83  7:36  Pylon  
  84  7:40  Warp Prism (Chrono Boost)  
  86  7:47  Probe  
  86  7:49  Probe  
  86  7:50  Assimilator  
  88  7:57  Photon Cannon  
  88  8:03  Photon Cannon  
  88  8:06  Photon Cannon  
  88  8:10  Probe x2  
  88  8:11  Probe  
  91  8:30  Stalker x5  
  101  8:39  Probe  
  106  8:53  Stalker x5  
Show
View Real Time Build Order
Export as new Build Order

HolyHit Protoss 

Build Orders: Dark Templar Rush 

Get SALT Encoding   

  12  0:01  Probe (Chrono Boost)  
  13  0:11  Probe (Chrono Boost)  
  14  0:17  Pylon  
  14  0:22  Probe (Chrono Boost)  
  15  0:35  Probe (Chrono Boost)  
  16  0:37  Gateway  
  16  0:45  Assimilator  
  16  0:47  Probe (Chrono Boost)  
  17  0:53  Assimilator  
  17  0:57  Probe (Chrono Boost)  
  18  1:08  Probe (Chrono Boost)  
  19  1:18  Probe (Chrono Boost)  
  19  1:24  Cybernetics Core  
  20  1:29  Probe (Chrono Boost), Pylon  
  22  1:40  Probe (Chrono Boost)  
  22  1:50  Probe (Chrono Boost)  
  23  2:00  Probe (Chrono Boost), Twilight Council  
  26  2:01  Warp Gate (Chrono Boost), Adept (Chrono Boost)  
  26  2:12  Probe  
  27  2:24  Pylon  
  27  2:25  Stalker (Chrono Boost)  
  27  2:29  Mothership Core  
  31  2:48  Dark Shrine  
  31  2:52  Gateway  
  31  2:53  Probe  
  34  2:58  Stalker (Chrono Boost)  
  34  3:05  Probe  
  35  3:17  Probe  
  34  3:29  Nexus  
  34  3:34  Pylon  
  34  3:39  Probe  
  32  4:00  Dark Templar, Robotics Facility  
  34  4:04  Dark Templar  
  34  4:06  Probe  
  37  4:13  Pylon  
  37  4:19  Pylon  
  37  4:32  Mothership Core  
  39  4:49  Probe  
  36  4:53  Probe, Warp Prism  
  39  5:00  Charge, Probe (Chrono Boost)  
  39  5:05  Probe (Chrono Boost)  
  39  5:06  Sentry, Gateway  
  43  5:12  Probe (Chrono Boost)  
  44  5:16  Probe (Chrono Boost)  
  45  5:23  Probe (Chrono Boost), Dark Templar  
  45  5:26  Assimilator  
  48  5:30  Assimilator  
  46  5:37  Immortal (Chrono Boost)  
  46  5:39  Probe (Chrono Boost)  
  46  5:40  Probe (Chrono Boost)  
  48  5:45  Zealot  
  46  5:54  Probe  
  46  5:55  Probe  
  46  5:56  Stalker  
  42  6:05  Probe  
  42  6:06  Zealot  
  42  6:08  Probe  
  45  6:15  Probe, Stalker  
  42  6:20  Probe  
  42  6:22  Zealot  
  42  6:27  Immortal (Chrono Boost)  
  42  6:30  Zealot  
  44  6:40  Zealot, Probe  
  44  6:42  Probe  
  44  6:43  Zealot  
  46  6:51  Zealot, Probe  
  47  6:54  Probe  
  47  7:00  Zealot  
  52  7:06  Probe  
  52  7:07  Zealot, Probe  
  49  7:17  Mothership Core, Warp Prism (Chrono Boost)  
  49  7:20  Probe  
  49  7:21  Zealot x2  
  54  7:32  Probe  
  54  7:36  Nexus  
  55  7:37  Probe  
  56  7:46  Sentry  
  56  7:47  Forge  
  56  7:49  Probe  
  60  7:51  Observer (Chrono Boost)  
  60  7:56  Probe  
  60  7:57  Templar Archives  
  60  8:06  Probe  
  61  8:15  Pylon  
  61  8:26  Immortal (Chrono Boost)  
  58  8:28  Dark Templar  
  58  8:29  Dark Templar  
  62  8:36  Pylon  
  62  8:38  Pylon  
  62  8:42  Archon  
  62  8:48  Gateway  
  62  8:49  Zealot  
  62  8:50  Gateway  
  64  8:56  Pylon  
  64  9:02  Gateway  
  64  9:04  Zealot  
  64  9:05  Zealot  
Tags
 
Add a new tag
Caveats
  • Supply blocks, unpowered buildings, or Contaminate may cause inaccurate times.
  • Supply counts are checked every 10 seconds.